 Dungeon Crawl Stone Soup version 0.26-a0-1049-g242049e08c (webtiles) character file.

Game seed: 15796758784124452553

33341 KristoblXynda the Carver (level 13, -3/113 HPs)
             Began as a White Draconian Gladiator on Dec 12, 2020.
             Was an Elder of Ashenzari.
             Slain by Jorgrun
             ... wielding a +0 vorpal quarterstaff
              (6 damage)
             ... while petrified by Jorgrun
             ... on level 15 of the Dungeon.
             The game lasted 00:31:15 (15732 turns).

KristoblXynda the Carver (DrGl)                    Turns: 15732, Time: 00:31:15

Health: -3/113     AC: 17    Str: 17    XL:     13   Next: 36%
Magic:  13/13      EV: -1    Int: 12    God:    Ashenzari [****..]
Gold:   1126       SH:  0    Dex: 19    Spells: 12/12 levels left

rFire    . . .     SeeInvis +   D - +4 scimitar (curse)
rCold    + . .     Faith    .   y - +0 buckler (curse)
rNeg     + + +     Spirit   .   (armour unavailable)
rPois    ∞         Reflect  .   b - +1 hat
rElec    .         Harm     .   G - +0 cloak
rCorr    .         Rampage  .   A - +1 pair of gloves
Will     .....     Clarity  +   a - +4 pair of boots of Inference {Dex+5} (curse)
Stlth    +++.......             v - amulet of the acrobat
HPRegen  0.28/turn              r - +4 ring of evasion (curse)
MPRegen  0.13/turn              w - ring of poison resistance (curse)

@: petrified, grasped by roots, constricted
A: breathe frost, unfitting armour, cold resistance 1, cold-blooded, AC +8
a: Breathe Frost, Curse Item, Scrying, Renounce Religion


You were on level 15 of the Dungeon.
You worshipped Ashenzari.
Ashenzari was greatly pleased with you.
You visited 2 branches of the dungeon, and saw 16 of its levels.
You also visited: Ossuary.

You collected 1126 gold pieces.

Inventory:

Hand Weapons
 s - the cursed +3 Elemental Staff {rElec rF++ rC++ Will++ AC+5}
   (You acquired it on level 8 of the Dungeon)

   It affects your AC (+5).
   It greatly protects you from fire.
   It greatly protects you from cold.
   It insulates you from electricity.
   It affects your willpower, your defense against some magical effects.
   It has a curse placed upon it.
 z - a cursed +3 vampiric demon blade
 D - a cursed +4 scimitar (weapon)
Missiles
 c - 3 throwing nets (quivered)
Armour
 a - the cursed +4 pair of boots of Inference (worn) {Dex+5}
   (You acquired it on level 10 of the Dungeon)

   It affects your dexterity (+5).
   It has a curse placed upon it.
 b - a +1 hat (worn)
 y - a cursed +0 buckler (worn)
 A - a +1 pair of gloves (worn)
 G - a +0 cloak (worn)
Jewellery
 n - an uncursed amulet of regeneration
 r - a cursed +4 ring of evasion (left hand)
 v - an amulet of the acrobat (around neck)
 w - a cursed ring of poison resistance (right hand)
 B - an uncursed ring of fire
 K - an uncursed ring of resist corrosion
 L - an uncursed ring of flight
Wands
 t - a wand of iceblast (2)
 C - a wand of digging (8)
Scrolls
 d - 9 scrolls of remove curse
 e - a scroll of fear
 h - 2 scrolls of magic mapping
 i - 5 scrolls of amnesia
 j - 7 scrolls of teleportation
 p - 3 scrolls of enchant armour
 I - a scroll of immolation
Potions
 f - 2 potions of lignification
 g - 3 potions of flight
 k - 3 potions of haste
 l - 4 potions of might
 o - 3 potions of attraction
 q - 2 potions of magic
 u - 7 potions of curing
 x - 2 potions of invisibility
 E - a potion of cancellation
 F - a potion of mutation
 H - a potion of ambrosia
 J - a potion of brilliance


   Skills:
 - Level 10.0 Fighting
 + Level 13.7(16.7) Long Blades
 - Level 2.0 Throwing
 + Level 11.0 Dodging
 - Level 5.4 Stealth
 + Level 4.5(6.7) Shields
 + Level 9.0(11.2) Evocations


You had 12 spell levels left.
You didn't know any spells.
Your spell library contained the following spells:

 Spells                   Type           Power        Failure   Level
 Animate Skeleton         Necr           #.....       30%         1
 Corona                   Hex            #......      30%         1
 Pain                     Necr           #...         30%         1
 Ensorcelled Hibernation  Hex/Ice        #.....       41%         2
 Confusing Touch          Hex            #.......     65%         3
 Dazzling Flash           Conj/Hex       #.....       65%         3
 Tukima's Dance           Hex            #.......     65%         3
 Vampiric Draining        Necr           #.........   65%         3
 Animate Dead             Necr           #.........   96%         4
 Agony                    Necr           #.......     100%        5


Dungeon Overview and Level Annotations

Branches:
Dungeon (15/15)            Temple (1/1) D:7            Lair (0/6) D:10
    Orc (0/2) D:12         Vaults (0/5) D:13         Depths (0/5) D:15
Ossuary (visited)

Altars:
Ashenzari
Cheibriados
Dithmenos
Elyvilon
Fedhas
Gozag
Hepliaklqana
Kikubaaqudgha
Makhleb
Nemelex Xobeh
Okawaru
Qazlal
Ru
Sif Muna
Trog
Uskayaw
Vehumet
Wu Jian
Xom
Yredelemnul
Zin
The Shining One

Shops:
D:7 :   D:11 *   D:12 (   D:13 *

Portals:
Trove: D:12 (show slimy rune of Zot)

Annotations:
D:14 Rupert
D:15 Jorgrun


Innate Abilities, Weirdness & Mutations

You can breathe waves of freezing cold.
You can buffet flying creatures when you breathe cold.
Your icy white scales are hard. (AC +8)
You cannot fit into any form of body armour.
Your flesh is cold resistant. (rC+)
You are cold-blooded and may be slowed by cold attacks.


Message History

Jorgrun is almost dead.
* * * LOW HITPOINT WARNING * * *
The grasping roots constrict you!!
You have turned to stone.
Jorgrun hits you with a +0 vorpal quarterstaff.
* * * LOW HITPOINT WARNING * * *
The grasping roots constrict you.
Jorgrun hits you with a +0 vorpal quarterstaff!
* * * LOW HITPOINT WARNING * * *
x3 The grasping roots constrict you.
Jorgrun hits you but does no damage.
* * * LOW HITPOINT WARNING * * *
The grasping roots constrict you!
The grasping roots release their grip on you.
Jorgrun points at you and mumbles some strange words.
Roots burst forth from the earth!
The grasping roots grab you!
* * * LOW HITPOINT WARNING * * *
The grasping roots constrict you!
Jorgrun hits you with a +0 vorpal quarterstaff!
You die...

, *** **
#.......... , , ,,,
,* #.....##### , **
* * * * #.....# * ,
, ###.### , ** *,*
*, #.# , , # * *
#.# ,* #., , ,,,*
#.# ,,,
...#..###########.#
......lg@.........#
*,
##.#..#############
,* ,#. * * # , * ,*
,* ,,, , ,, ,,
***** *


You could see Jorgrun and a komodo dragon.

Vanquished Creatures
  Kirke (D:12)
  Louise (D:14)
  An ironheart preserver (D:13)
  Snorg (D:14)
  2 ice dragons (D:15)
  A boulder beetle (D:12)
  2 hydras (D:13)
  2 centaur warriors
  5 two-headed ogres
  An unseen horror (D:11)
  2 ugly things
  A deep elf mage (D:13)
  5 cyclopes
  Maurice (D:12)
  Joseph (D:7)
  3 gargoyles
  A komodo dragon (D:13)
  2 hornets
  7 trolls
  A harpy skeleton (D:14)
  4 wyverns
  A wraith (D:11)
  2 shadows
  14 yaks
  6 hogs
  A basilisk (D:14)
  3 wargs (D:10)
  2 acid dragons (D:15)
  A water moccasin (D:13)
  A hornet zombie (D:12)
  4 orc warriors
  A sky beast (D:12)
  3 black bears
  A necrophage (D:10)
  6 phantoms
  7 ice beasts
  6 ogres
  6 centaurs
  An eye of draining (D:6)
  3 big kobolds
  13 bullfrogs
  A wyvern zombie (D:9)
  20 killer bees
  6 scorpions
  11 wights
  3 bullfrog zombies
  6 howler monkeys
  3 centaur zombies
  A quasit (D:6)
  8 hounds
  A jelly (D:6)
  5 bullfrog skeletons
  5 centaur skeletons
  4 orc priests
  10 orc wizards
  3 iguanas
  7 worker ants
  A killer bee zombie (D:9)
  5 big kobold zombies (Ossuary)
  2 hound zombies
  A hound skeleton (D:8)
  A mummy (Ossuary)
  A howler monkey skeleton (D:6)
  9 adders
  4 shadow imps
  2 white imps
  2 ufetubi
  An ooze (D:4)
  An adder skeleton (D:4)
  A worm (D:2)
  4 dart slugs
  3 leopard geckos
  26 orcs
  3 spectral bats (Ossuary)
  2 ball pythons
  4 giant cockroaches
  7 gnoll zombies (Ossuary)
  8 goblins
  10 hobgoblins
  6 jackals
  16 kobolds
  3 quokkas
  7 bats
  2 bat simulacra (Ossuary)
  4 frilled lizards
  A goblin simulacrum (Ossuary)
  A goblin zombie (Ossuary)
  5 hobgoblin zombies (Ossuary)
  2 kobold simulacra (Ossuary)
  6 kobold zombies (Ossuary)
  A leopard gecko skeleton (D:7)
  6 orc zombies (Ossuary)
  A quokka skeleton (D:4)
  4 rats
  A rat simulacrum (Ossuary)
  4 spectral goblins (Ossuary)
  A spectral kobold (Ossuary)
  3 spectral rats (Ossuary)
393 creatures vanquished.

Vanquished Creatures (others)
  A human (D:12)
  2 orcs (D:14)
  4 plants (D:5)
7 creatures vanquished.

Grand Total: 400 creatures vanquished

Notes
Turn   | Place    | Note
-------+----------+-------------------------------------------
     0 | D:1      | KristoblXynda the Draconian Gladiator began the quest for
                  | the Orb.
     0 | D:1      | Reached XP level 1. HP: 17/17 MP: 1/1
   157 | D:1      | Reached XP level 2. HP: 25/25 MP: 2/2
   825 | D:1      | Reached XP level 3. HP: 30/30 MP: 3/3
  1019 | D:2      | Found a broken altar of Ashenzari.
  1031 | D:2      | Became a worshipper of Ashenzari the Shackled
  1066 | D:2      | Found an opulent altar of Gozag.
  1430 | D:2      | Found an iron altar of Okawaru.
  2202 | D:3      | Reached skill level 4 in Long Blades
  2202 | D:3      | Reached XP level 4. HP: 38/38 MP: 4/4
  2303 | D:3      | Found a basalt altar of Yredelemnul.
  2393 | D:3      | Reached * piety under Ashenzari
  3139 | D:4      | Found a bloodstained altar of Trog.
  3183 | D:4      | Reached XP level 5. HP: 41/45 MP: 5/5
  3422 | D:4      | Found an ancient bone altar of Kikubaaqudgha.
  3423 | D:4      | Found a hazy altar of Hepliaklqana.
  3679 | D:5      | Entered Level 5 of the Dungeon
  3681 | D:5      | Found a blossoming altar of Fedhas.
  3856 | D:5      | Noticed a phantom
  3909 | D:5      | Killed a phantom
  3910 | D:5      | Reached skill level 5 in Long Blades
  3910 | D:5      | Reached XP level 6. HP: 17/52 MP: 6/6
  4423 | D:5      | Found a hide-covered altar of Uskayaw.
  4427 | D:5      | Your scales start taking on an icy white colour.
  4427 | D:5      | Reached XP level 7. HP: 60/60 MP: 7/7
  4427 | D:5      | Gained mutation: Your flesh is cold resistant. (rC+) [White
                  | Draconian growth]
  4457 | D:5      | Reached skill level 6 in Long Blades
  5069 | D:5      | Reached skill level 5 in Fighting
  5168 | D:5      | Reached skill level 7 in Long Blades
  5358 | D:6      | Reached ** piety under Ashenzari
  5381 | D:6      | Reached skill level 5 in Dodging
  5381 | D:6      | Reached XP level 8. HP: 69/69 MP: 8/8
  5415 | D:6      | Found a shimmering blue altar of Sif Muna.
  5484 | D:6      | Found a bloodstained altar of Trog.
  5730 | D:6      | Reached skill level 8 in Long Blades
  6204 | D:7      | Found Udiebleof's Book Shop.
  6222 | D:7      | Found a sand-covered staircase.
  6230 | Ossuary  | Entered an ossuary
  6615 | Ossuary  | Reached XP level 9. HP: 74/78 MP: 9/9
  6848 | D:7      | Reached skill level 9 in Long Blades
  7014 | D:7      | Found a staircase to the Ecumenical Temple.
  7071 | D:7      | Noticed Joseph
  7093 | D:7      | Killed Joseph
  7211 | Temple   | Entered the Ecumenical Temple
  7687 | D:8      | Reached skill level 10 in Long Blades
  7848 | D:8      | Noticed a gargoyle
  7880 | D:8      | Killed a gargoyle
  8176 | D:8      | Identified 2 scrolls of acquirement
  8176 | D:8      | Acquired a cursed +2 vampiric demon blade
  8182 | D:8      | Acquired the cursed +3 Elemental Staff {rElec rF++ rC++
                  | Will++ AC+5}
  8183 | D:8      | Found the cursed +3 Elemental Staff {rElec rF++ rC++ Will++
                  | AC+5}
  8190 | D:9      | Found a shadowy altar of Dithmenos.
  8208 | D:9      | Noticed a troll
  8225 | D:9      | Killed a troll
  8407 | D:9      | Reached XP level 10. HP: 88/88 MP: 10/10
  8455 | D:9      | Noticed a cyclops
  8466 | D:9      | Paralysed by a hornet for 1 turns
  8482 | D:9      | Paralysed by a hornet for 1 turns
  8496 | D:9      | Killed a cyclops
  8738 | D:9      | Reached skill level 11 in Long Blades
  9033 | D:10     | Entered Level 10 of the Dungeon
  9062 | D:10     | Reached skill level 1 in Evocations
  9102 | D:10     | Found a staircase to the Lair.
  9216 | D:10     | Noticed a two-headed ogre
  9229 | D:10     | Killed a two-headed ogre
  9556 | D:10     | Noticed a two-headed ogre
  9559 | D:10     | Killed a two-headed ogre
  9633 | D:10     | Reached XP level 11. HP: 79/97 MP: 11/11
  9822 | D:10     | Acquired the cursed +4 pair of boots of Inference {Dex+5}
 10038 | D:10     | Noticed a two-headed ogre
 10051 | D:10     | Killed a two-headed ogre
 10052 | D:10     | Reached skill level 10 in Fighting
 10222 | D:11     | Killed an unseen horror
 10223 | D:11     | Reached skill level 1 in Stealth
 10302 | D:11     | Found Mulur's Assorted Antiques.
 10333 | D:11     | Noticed a two-headed ogre
 10345 | D:11     | Killed a two-headed ogre
 10346 | D:11     | Reached skill level 12 in Long Blades
 10346 | D:11     | Reached skill level 5 in Evocations
 10501 | D:11     | Reached *** piety under Ashenzari
 10958 | D:12     | Noticed Kirke
 11038 | D:12     | Found a portal to a secret trove of treasure.
 11074 | D:12     | Found Vuisod's Weapon Boutique.
 11116 | D:12     | Noticed Maurice
 11125 | D:12     | Killed Maurice
 11152 | D:12     | Killed Kirke
 11153 | D:12     | Reached XP level 12. HP: 96/106 MP: 12/12
 11216 | D:12     | Found a staircase to the Orcish Mines.
 11330 | D:12     | Noticed a boulder beetle
 11364 | D:12     | Killed a boulder beetle
 12039 | D:13     | Noticed a centaur warrior
 12051 | D:13     | Killed a centaur warrior
 12052 | D:13     | Reached skill level 5 in Stealth
 12098 | D:13     | Found Soschi Koas's General Store.
 12337 | D:13     | Found a shimmering altar of Xom.
 12371 | D:13     | Reached skill level 10 in Dodging
 12409 | D:13     | Noticed a four-headed hydra
 12411 | D:13     | Noticed an ironheart preserver
 12512 | D:13     | Reached skill level 13 in Long Blades
 12792 | D:13     | Noticed a four-headed hydra
 12803 | D:13     | Killed a five-headed hydra
 12804 | D:13     | Reached skill level 1 in Shields
 12874 | D:13     | Noticed a two-headed ogre
 12884 | D:13     | Killed a two-headed ogre
 12958 | D:13     | Found a gate to the Vaults.
 12976 | D:13     | Killed a four-headed hydra
 12985 | D:13     | Killed an ironheart preserver
 13334 | D:13     | Noticed a fire giant
 13594 | D:14     | Noticed Rupert
 13610 | D:14     | Noticed a centaur warrior
 13617 | D:14     | Noticed Louise
 13678 | D:14     | Reached XP level 13. HP: 32/113 MP: 13/13
 14030 | D:14     | Noticed Snorg
 14047 | D:14     | Killed Snorg
 14128 | D:14     | Reached **** piety under Ashenzari
 14721 | D:14     | Killed Louise
 14724 | D:14     | Paralysed by Rupert for 6 turns
 14736 | D:15     | Entered Level 15 of the Dungeon
 15294 | D:15     | Found a staircase to the Depths.
 15701 | D:15     | Noticed Jorgrun
 15731 | D:15     | HP: 3/113 [Jorgrun/+0 vorpal quarterstaff (6)]
 15732 | D:15     | Slain by Jorgrun

Illustrated notes

Levels and vault maps discovered:
D:1:      saegor_arrival_simple_c, layout_basic
D:2:      layout_basic, kennysheep_okawaru_gauntlet, general_overflow_altar,
          overflow_temple_1_default, minmay_crystal_water
D:3:      layout_basic, yredelemnul_altar_generic
D:4:      layout_basic, lemuel_coloured_pillars_altar,
          gammafunk_temple_overflow_pools, serial_bayou_pond_e,
          hangedman_abyss_or_decor_lesser_grid, minmay_puff
D:5:      cheibrodos_thug_alley, layout_basic, fedhas_ov_isle_minmay,
          lemuel_crystal_altar, corexii_item_surrounded_by_moat,
          roderic_serpentine_path, minmay_misc_feat_ornament, dk_vineyard_2,
          minmay_misc_feat_columns
D:6:      layout_basic, lemuel_doored_altar, minmay_crystal_room,
          trog_eyes_of_draining
D:7:      layout_basic, minmay_temple_entry_overgrown,
          chequers_ossuary_entry_cave, serial_shops,
          nicolae_shop_window_shopping, uniq_joseph
D:8:      layout_basic, kennysheep_flooded_box
D:9:      layout_basic, overflow_temple_1_default, chequers_jeans, minmay_holes
D:10:     layout_roguey, erik_lair_orcish_takeover
D:11:     layout_basic, serial_shops, shop
D:12:     layout_roguey, orc_0_dummy, serial_shops, shop,
          nicolae_trove_entry_crossroad, roderic_lattice_a, uniq_maurice,
          uniq_kirke
D:13:     layout_loops_ring, skrybe_vaults_entry_preservation, serial_shops,
          shop, basic_altar, kennysheep_four_rooms
D:14:     layout_loops_cross, palyth_stone_intersect, uniq_rupert, uniq_snorg,
          uniq_louise
D:15:     grunt_enter_depths_hoard, layout_loops_ring,
          nemelex_xobeh_ov_fountains_minmay, uniq_jorgrun
Temple:   chequers_temple_sunken

Skill      XL: |  1  2  3  4  5  6  7  8  9 10 11 12 13 |
---------------+----------------------------------------+-----
Throwing       | 2 |  2.0
Dodging        | 3 4 5 6 7 8 9 10 11 | 11.0
Fighting       | 3 4 5 6 8 9 10 | 10.0
Long Blades    | 4 5 7 8 10 11 12 13 | 13.7
Evocations     | 3 6 8 9 |  9.0
Stealth        | 4 5 |  5.4
Shields        | 3 4 |  4.5

Action                   |  1- 3 |  4- 6 |  7- 9 | 10-12 | 13-15 || total
-------------------------+-------+-------+-------+-------+-------++-------
Melee: Long sword        |    96 |   136 |   470 |   251 |       ||   953
       Tailslap          |    14 |    17 |   104 |   187 |    42 ||   364
       Scimitar          |       |       |       |   531 |   144 ||   675
Invok: Curse Item        |     1 |       |       |     2 |       ||     3
 Abil: Breathe Frost     |       |       |     5 |     6 |       ||    11
Evoke: Wand              |       |       |       |    20 |       ||    20
  Use: Scroll            |       |     8 |    12 |    13 |     3 ||    36
       Potion            |       |     1 |     1 |     8 |     4 ||    14
 Stab: Sleeping          |       |       |     3 |     4 |     3 ||    10
       Paralysed         |       |       |       |     6 |       ||     6
       Distracted        |       |       |       |     1 |     1 ||     2
       Invisible         |       |       |       |       |     2 ||     2
Armor: Skin              |    27 |    69 |    80 |   127 |    20 ||   323
Dodge: Dodged            |    91 |   122 |   453 |   753 |   109 ||  1528
Block: Buckler           |       |       |       |    18 |    21 ||    39
       Rpst.: Long sword |    31 |    41 |   130 |    57 |       ||   259
       Scimitar          |       |       |       |   157 |    17 ||   174

Table legend: (Time is in decaauts)
 A = Elapsed time spent in this place.
 B = Non-inter-level travel time spent in this place.
 C = Inter-level travel time spent in this place.
 D = Time resting spent in this place.
 E = Time spent auto-exploring this place.
 F = Levels seen in this place.
 G = Mean time per level.
                   A        B        C        D        E       F      G
               +--------+--------+--------+--------+--------+-----+--------+
         Total |  15596 |  15259 |    337 |   3726 |   7761 |  17 |  917.4 |
       Dungeon |  14781 |  14444 |    337 |   3484 |   7547 |  15 |  985.4 |
        Temple |    221 |    221 |      0 |      0 |    212 |   1 |  221.0 |
       Ossuary |    594 |    594 |      0 |    242 |      1 |   1 |  594.0 |
               +--------+--------+--------+--------+--------+-----+--------+

Top non-repeatable levels by time:
     D:5: 1661 daAuts
    D:13: 1333 daAuts
    D:14: 1313 daAuts
     D:2: 1224 daAuts
    D:10: 1085 daAuts
    D:12: 979 daAuts
    D:15: 971 daAuts
     D:1: 891 daAuts
     D:6: 882 daAuts
     D:9: 834 daAuts
     D:4: 800 daAuts
    D:11: 798 daAuts
     D:8: 796 daAuts
     D:3: 790 daAuts
 Ossuary: 594 daAuts
